 Dungeon Crawl Stone Soup version 0.23-a0-171-g5ae17c6 (webtiles) character file.

1036 drasked the Spear-Bearer (level 8, -1/106 HPs)
             Began as a Hill Orc Monk on Sept 12, 2018.
             Was a Priest of Beogh.
             Slain by an ogre
             ... wielding a +0 giant spiked club
              (9 damage)
             ... on level 5 of the Dungeon.
             The game lasted 00:17:28 (6587 turns).

drasked the Spear-Bearer (Hill Orc Monk)            Turns: 6587, Time: 00:17:29

Health: -1/106     AC: 24    Str: 13 (16) XL:     8   Next: 24%
Magic:  8/8        EV:  2    Int:  8 (10) God:    Beogh [***...]
Gold:   239        SH:  0    Dex: 11 (13) Spells: 7/7 levels left

rFire    + . .     SeeInvis .   a - +1 spear
rCold    + . .     Gourm    .   (no shield)
rNeg     + + +     Faith    .   (armour currently unavailable)
rPois    +         Spirit   .   (helmet currently unavailable)
rElec    .         Reflect  .   (cloak currently unavailable)
rCorr    .         Harm     +   (gloves currently unavailable)
MR       .....     NoTele   +   (boots currently unavailable)
Stlth    ++........             g - amulet of harm
HPRegen  0.27/turn              v - ring of protection from cold {rC+, !d}
MPRegen  0.11/turn              b - ring of protection from fire {rF+, !d}

@: tree-form
A: no striking features
a: Smiting, Renounce Religion


You were on level 5 of the Dungeon.
You worshipped Beogh.
Beogh was most pleased with you.
You were not hungry.
You were a tree.
You visited 1 branch of the dungeon, and saw 5 of its levels.

You collected 239 gold pieces.

Inventory:

Hand Weapons
 a - a +1 spear (weapon)
Armour
 o - a +3 ring mail of magic resistance (melded)
   (You took it off Terence on level 2 of the Dungeon)
Jewellery
 b - a ring of protection from fire (right branch) {rF+, !d}
   (You found it on level 2 of the Dungeon)
 e - an uncursed ring of resist corrosion
   (You found it on level 1 of the Dungeon)
 g - an amulet of harm (around neck)
   (You found it on level 4 of the Dungeon)
 v - a ring of protection from cold (left branch) {rC+, !d}
   (You found it on level 4 of the Dungeon)
Wands
 m - a wand of scattershot (2)
   (You took it off Ijyb on level 3 of the Dungeon)
 p - a wand of flame (9)
   (You took it off an orc on level 3 of the Dungeon)
Scrolls
 i - a scroll of fog {unknown}
 l - a scroll of teleportation
 s - 2 scrolls of amnesia
Potions
 d - a potion of flight
 f - a potion of haste
 h - 2 potions of degeneration {!q}
 k - a potion of lignification {!q}
 n - 2 potions of mutation {unknown}
 r - a potion of agility
Comestibles
 c - 11 rations


   Skills:
 + Level 6.6 Fighting
 * Level 8.0 Polearms
 + Level 4.8 Armour
 - Level 2.4 Dodging
 - Level 1.5 Stealth


You had 7 spell levels left.
You didn't know any spells.
Your spell library was empty.

Dungeon Overview and Level Annotations

Branches:
Dungeon (5/15)
 Temple: D:4-7

Altars:
Okawaru
Trog


Message History

You take 6 damage, and have 61/71 hp.
You hit the hound. The hound misses you.
You hit the hound. The hound closely misses you.
You hit the hound but do no damage. The hound barely misses you.
You hit the hound but do no damage. The hound barely misses you.
You closely miss the hound. The hound barely misses you.
You barely miss the hound. The hound bites you but does no damage.
The phantom blinks!
You barely miss the hound. The hound barely misses you.
You completely miss the hound. The hound bites you but does no damage.
You barely miss the hound. The hound bites you but does no damage.
You hit the hound but do no damage. The hound bites you but does no damage.
You barely miss the hound. The hound bites you but does no damage.
The hound bites you.
You take 2 damage, and have 60/71 hp.
You closely miss the hound. The hound closely misses you.
All of the chunks of flesh in your inventory have rotted away.
You closely miss the hound. The hound bites you.
You take 1 damage, and have 59/71 hp.
You closely miss the hound. The hound bites you but does no damage.
An orc comes into view. It is wielding a morningstar.
You barely miss the hound.
The orc shouts!
The orc stares at you in amazement and kneels.
You hear a shout!
The hound bites you.
You take 3 damage, and have 56/71 hp.
You hit the hound. The hound closely misses you.
Your orc barely resists.
Your orc throws a tomahawk.
You closely miss the hound. The hound bites you but does no damage.
A centaur comes into view.
An orc comes into view. It is wielding a whip.
You hit the hound.
The orc relaxes its fighting stance and smiles at you.
It says, "I'm so glad you are here now."
The hound bites you but does no damage.
The centaur wields a shortbow.
The centaur shoots an arrow.
The arrow hits you!
Your orc throws a tomahawk.
An orc priest comes into view. It is wielding a flail of draining.
You take 7 damage, and have 49/71 hp.
You hit the hound.
You kill the hound!
Beogh accepts your kill.
Your Polearms skill increases to level 8!
The orc priest relaxes its fighting stance and smiles at you.
The centaur shoots an arrow.
The arrow hits you.
Your orc closely misses the centaur.
Your orc hits something with a whip.
You take 6 damage, and have 43/71 hp.
You hit the ogre.
The centaur shoots an arrow.
The arrow hits your orc priest!
Something hits your orc but does no damage.
The ogre hits you with a giant spiked club!
Your orc closely misses something.
You take 9 damage, and have 34/71 hp.
You hit the ogre.
Your orc barely misses the centaur.
The centaur shoots an arrow.
The arrow hits your orc priest!
Your orc priest dies!
The gnoll completely misses you.
You barely miss the ogre.
Something hits your orc but does no damage.
Your orc barely misses something.
The centaur shoots an arrow.
The arrow hits you.
The ogre hits you with a giant spiked club.
Your orc hits the centaur with a morningstar.
You take 7 damage, and have 27/71 hp.
An orc comes into view. It is wielding a mace.
The centaur shoots an arrow.
The arrow hits you. The orc hits your orc with a mace.
Your orc closely misses the orc.
A worker ant comes into view.
You see here an arrow.
You take 3 damage, and have 24/71 hp.
The centaur unwields an uncursed shortbow.
The centaur hits your orc!
Your orc dies!
Your orc barely misses the orc.
The orc hits your orc with a mace.
Your orc hits the orc with a whip.
The orc dies!
Beogh accepts your kill.
You hit the worker ant. The worker ant closely misses you.
You hit the worker ant but do no damage.
The worker ant bites you but does no damage.
The ogre hits you with a giant spiked club!
* * * LOW HITPOINT WARNING * * *
You take 16 damage, and have 9/71 hp.
MASSIVE DAMAGE!!
It was a potion of degeneration.
There was something very wrong with that liquid.
You feel weakened.
You feel dopey.
You feel clumsy.
Your orc barely misses the centaur.
The gnoll hits you from afar with a spear.
* * * LOW HITPOINT WARNING * * *
The worker ant barely misses you.
You take 4 damage, and have 5/71 hp.
It was a potion of lignification.
You turn into a tree.
Your +3 ring mail of magic resistance melds into your body.
You feel less resistant to hostile enchantments.
Your roots penetrate the ground.
The ogre hits you with a giant spiked club!
You die...

#.>
#.##..#..#.##....
#.
#................
#####.#..#...###
#.#....###
#†#...## #W#W..#S
#g#...#aS
#O#...#aS.
#♣#.>.# .. #a#
#c# .o. ... #.)..
###.. $.#


You could see a phantom, an ogre, a centaur, a worker ant, a gnoll and a
friendly orc.

Vanquished Creatures
  2 phantoms (D:4)
  An orc warrior (D:3)
  An ogre (D:4)
  A scorpion (D:4)
  A crimson imp (D:5)
  2 hounds
  2 orc priests
  Jessica (D:2)
  An iguana (D:4)
  Ijyb (D:3)
  2 worker ants
  5 orc wizards
  Terence (D:2)
  A hound zombie (D:4)
  A hound skeleton (D:4)
  3 adders
  3 gnolls (D:4)
  An ooze (D:2)
  An adder skeleton (D:4)
  An adder zombie (D:5)
  5 worms
  2 dart slugs
  2 leopard geckos
  17 orcs
  3 bats
  4 giant cockroaches
  3 goblins
  9 hobgoblins
  4 jackals (D:1)
  6 kobolds
  2 quokkas
  4 frilled lizards
  6 rats
99 creatures vanquished.

Vanquished Creatures (collateral kills)
  A leopard gecko (D:5)
  An orc (D:5)
2 creatures vanquished.

Vanquished Creatures (others)
  An orc priest (D:5)
  3 orcs (D:5)
  A bat (D:3)
  2 kobolds (D:3)
7 creatures vanquished.

Grand Total: 108 creatures vanquished

Notes
Turn   | Place    | Note
-------+----------+-------------------------------------------
     0 | D:1      | drasked the Hill Orc Monk began the quest for the Orb.
     0 | D:1      | Reached XP level 1. HP: 19/19 MP: 1/1
   117 | D:1      | Reached XP level 2. HP: 22/27 MP: 2/2
   327 | D:1      | Reached skill level 1 in Armour
   364 | D:1      | HP: 5/27 [rat (3)]
   822 | D:1      | Reached skill level 4 in Fighting
   822 | D:1      | Reached skill level 4 in Polearms
   822 | D:1      | Reached XP level 3. HP: 30/33 MP: 3/3
  1703 | D:2      | Noticed Terence
  1729 | D:2      | Noticed Jessica
  1887 | D:2      | Found an iron altar of Okawaru.
  1895 | D:2      | Reached XP level 4. HP: 19/40 MP: 4/4
  2522 | D:2      | Killed Terence
  2795 | D:2      | Killed Jessica
  2795 | D:2      | Reached skill level 2 in Armour
  2860 | D:3      | Noticed Ijyb
  2903 | D:3      | Killed Ijyb
  2903 | D:3      | Reached skill level 5 in Polearms
  2903 | D:3      | Reached XP level 5. HP: 45/47 MP: 5/5
  2927 | D:3      | Became a worshipper of Beogh the Brigand
  2927 | D:3      | Reached * piety under Beogh
  2927 | D:3      | Reached ** piety under Beogh
  3759 | D:4      | Reached skill level 5 in Fighting
  3759 | D:4      | Reached XP level 6. HP: 42/56 MP: 6/6
  3913 | D:4      | Reached skill level 3 in Armour
  4097 | D:4      | Noticed an orc warrior
  4144 | D:3      | Killed an orc warrior
  4144 | D:3      | Reached skill level 6 in Polearms
  4146 | D:3      | HP: 14/56 [something/puff of flame (2)]
  4444 | D:4      | Reached XP level 7. HP: 57/61 MP: 7/7
  4483 | D:4      | Found a bloodstained altar of Trog.
  4902 | D:4      | HP: 6/61 [orc priest/divine providence (15)]
  5064 | D:4      | Reached skill level 7 in Polearms
  5064 | D:4      | Reached skill level 4 in Armour
  5321 | D:4      | Reached skill level 6 in Fighting
  5340 | D:4      | Reached *** piety under Beogh
  5755 | D:4      | Reached XP level 8. HP: 51/70 MP: 8/8
  6239 | D:5      | Entered Level 5 of the Dungeon
  6577 | D:5      | Reached skill level 8 in Polearms
  6585 | D:5      | HP: 9/71 [ogre/giant spiked club (16)]
  6587 | D:5      | Slain by an ogre

Vault maps used:
D:1:      dpeg_arrival_rooms_b, minmay_surrounded
D:2:      okawaru_altar_gauntlet_db, first_ration, uniq_terence, uniq_jessica
D:3:      uniq_ijyb
D:4:      bloody_trog
D:5:      fedhas_bush_and_centaur_altar, minmay_temple_entry_junction_2,
          serial_park_tiny_2, minmay_guarded_unrand_staff_of_olgreb

Skill      XL: |  1  2  3  4  5  6  7  8 |
---------------+-------------------------+-----
Armour         | 1 2 3 4 |  4.8
Fighting       | 4 5 6 |  6.6
Polearms       | 4 5 6 7 8 |  8.0
Dodging        | |  2.4
Stealth        | |  1.5

Action                   |  1- 3 |  4- 6 |  7- 9 || total
-------------------------+-------+-------+-------++-------
Melee: Spear             |   168 |   258 |   290 ||   716
Invok: Convert to Beogh  |       |     1 |       ||     1
  Use: Scroll            |       |     6 |     3 ||     9
       Potion            |       |     2 |     4 ||     6
 Stab: Sleeping          |     5 |       |       ||     5
  Eat: Chunk             |     2 |     5 |     8 ||    15
       Ration            |       |     1 |       ||     1
Armor: Robe              |    17 |     2 |       ||    19
       Ring mail         |       |    56 |    78 ||   134
Dodge: Dodged            |   112 |   100 |   105 ||   317

Table legend:
 A = Non-vault XP
 B = Vault XP
 C = Vault XP percentage of total XP
 D = Non-vault monster count
 E = Vault monster count
 F = Vault count percentage of total count
                 A         B        C        D         E       F
            +---------+---------+-------+---------+---------+-------
      Total |    1357 |     124 |   8.4 |      89 |      12 |  11.9
            +---------+---------+-------+---------+---------+-------
        D:1 |      37 |       6 |  14.0 |      22 |       3 |  12.0
        D:2 |      34 |      82 |  70.7 |      11 |       8 |  42.1
        D:3 |     333 |      36 |   9.8 |      17 |       1 |   5.6
        D:4 |     733 |       0 |   0.0 |      28 |       0 |   0.0
        D:5 |     220 |       0 |   0.0 |      11 |       0 |   0.0
            +---------+---------+-------+---------+---------+-------

Vault maps used:
D:1:      dpeg_arrival_rooms_b, minmay_surrounded
D:2:      okawaru_altar_gauntlet_db, first_ration, uniq_terence, uniq_jessica
D:3:      uniq_ijyb
D:4:      bloody_trog
D:5:      fedhas_bush_and_centaur_altar, minmay_temple_entry_junction_2,
          serial_park_tiny_2, minmay_guarded_unrand_staff_of_olgreb

Table legend:
 A = Turns spent in this place as a percentage of turns spent in the entire game.
 B = Non-inter-level travel turns spent in this place as a percentage of non-inter-level travel turns spent in the entire game.
 C = Inter-level travel turns spent in this place as a percentage of turns spent in this place.
 D = Turns resting spent in this place as a percentage of non-inter-level travel turns spent in this place.
 E = Turns spent auto-exploring this place as a percentage of non-inter-level travel turns spent in this place.
 F = Non-inter-level travel turns spent in this place divided by the number of levels of this place that you've seen.
                   A       B       C       D       E      F
               +-------+-------+-------+-------+-------+----------------------
         Total | 100.0 | 100.0 |   2.7 |  38.7 |  40.2 | 1281.2
       Dungeon | 100.0 | 100.0 |   2.7 |  38.7 |  40.2 | 1281.2
               +-------+-------+-------+-------+-------+----------------------

Table legend:
 A = Kills in this place as a percentage of kills in entire the game.
 B = Kills by you in this place as a percentage of kills by you in the entire game.
 C = Kills by friends in this place as a percentage of kills by friends in the entire game.
 D = Other kills in this place as a percentage of other kills in the entire game.
 E = Experience gained in this place as a percentage of experience gained in the entire game.
 F = Experience gained in this place divided by the number of levels of this place that you have seen.
                   A       B       C       D       E      F
               +-------+-------+-------+-------+-------+----------------------
         Total | 100.0 | 100.0 | 100.0 |   N/A | 100.0 | 296.2
       Dungeon | 100.0 | 100.0 | 100.0 |   N/A | 100.0 | 296.2
               +-------+-------+-------+-------+-------+----------------------
